AoeStats
← THL

Arena

508635289Analyzed
4v4 RM · 9d ago on Sep 23, 2026· 48m 40s· 8 players
Game mode
Random Map
Map size
Large (8 player)
Population
200
Speed
Normal
Resources
Standard
Victory
Conquest
Starting age
Dark Age
Ending age
Imperial Age
RankedLock teamsTeams togetherTeam positionsShared explorationLock speedFull tech treeHidden civsTurbo modeCheats
Victory
Defeat
🇨🇳 Persians · China
1635
+12
🇨🇳 Celts · China
1608
+13
🇨🇳 Mongols · China
1577
+15
🇨🇳 Teutons · China
1520
+18
🇻🇳 Hindustanis · Vietnam
1561
-15
1553
-15
🇭🇰 Huns · Hong Kong SAR China
1551
-14
🇻🇳 Italians · Vietnam
1535
-14
This is Kawaii
9:47 Feudal Age
10:55 Double-Bit Axe
13:37 Castle Age
12:30 Horse Collar
15:44 Bow Saw
25:05 Wheelbarrow
28:36 Imperial Age
27:29 Loom
27:50 Gold Mining
28:02 Fletching
30:18 Chemistry
29:19 Bodkin Arrow
30:34 Two-Man Saw
29:44 Thumb Ring
30:00 Bracer
30:23 Heavy Plow
31:27 Padded Archer Armor
41:30 Ballistics
mbxmm
9:41 Feudal Age
9:35 Loom
10:09 Double-Bit Axe
11:14 Man-at-Arms
16:33 Horse Collar
23:19 Castle Age
22:38 Scale Mail Armor
23:27 Forging
25:04 Pikeman
27:54 Gold Mining
32:01 Bow Saw
37:01 Wheelbarrow
38:10 Hand Cart
38:31 Gold Shaft Mining
37:47 Stone Mining
41:49 Imperial Age
39:39 Scale Barding Armor
40:11 Iron Casting
39:59 Marauders
40:27 Husbandry
40:49 Chain Barding Armor
41:21 Bloodlines
40:37 Light Cavalry
41:54 Heavy Plow
41:50 Elite Tarkan
42:51 Conscription
43:33 Blast Furnace
42:32 Capped Ram
44:04 Plate Barding Armor
43:34 Siege Ram
43:37 Elite Skirmisher
44:09 Fletching
45:16 Thumb Ring
45:13 Padded Archer Armor
45:57 Bodkin Arrow
47:10 Ballistics
47:40 Bracer
49:27 Chemistry
48:43 Leather Archer Armor
上帝惡魔楊宗翰
11:13 Feudal Age
12:11 Double-Bit Axe
15:00 Castle Age
12:53 Horse Collar
18:06 Wheelbarrow
21:48 Bow Saw
23:38 Hand Cart
24:59 Loom
29:24 Imperial Age
27:29 Forging
27:22 Scale Mail Armor
27:11 Arson
27:26 Squires
27:16 Town Watch
27:42 Heavy Plow
29:08 Iron Casting
29:08 Chain Mail Armor
30:02 Elite Varangian Guard
31:33 Conscription
31:22 Gothikon
33:45 Blast Furnace
34:09 Plate Mail Armor
35:20 Two-Man Saw
35:20 Crop Rotation
35:07 Elite Skirmisher
35:47 Fletching
36:55 Ballistics
37:04 Bodkin Arrow
37:36 Padded Archer Armor
38:38 Chemistry
38:17 Bracer
39:36 Leather Archer Armor
41:29 Ring Archer Armor
40:36 Vendel Legacy
43:36 Scale Barding Armor
THL
10:57 Feudal Age
15:28 Castle Age
13:32 Double-Bit Axe
13:48 Horse Collar
16:29 Bow Saw
21:33 Wheelbarrow
21:56 Bloodlines
22:16 Husbandry
22:43 Forging
24:10 Scale Barding Armor
29:01 Loom
31:56 Imperial Age
30:10 Hand Cart
29:48 Fletching
31:19 Bodkin Arrow
31:19 Elite Skirmisher
32:59 Ballistics
33:41 Chemistry
33:13 Conscription
33:37 Ballistics
33:26 Bracer
33:27 Padded Archer Armor
34:55 Two-Man Saw
34:32 Heavy Camel Rider
35:34 Chain Barding Armor
35:50 Iron Casting
36:57 Plate Barding Armor
36:47 Imperial Camel Rider
38:46 Leather Archer Armor
39:32 Blast Furnace
40:41 Ring Archer Armor
41:04 Thumb Ring
41:57 Light Cavalry
43:00 Hussar
yyx
10:55 Feudal Age
11:45 Loom
14:35 Castle Age
13:13 Double-Bit Axe
13:49 Town Watch
15:45 Bow Saw
18:48 Horse Collar
23:13 Wheelbarrow
23:55 Heavy Plow
28:25 Imperial Age
25:48 Pikeman
26:29 Scale Mail Armor
27:45 Forging
28:08 Chain Mail Armor
28:49 Hand Cart
28:27 Capped Ram
29:21 Furor Celtica
29:54 Siege Ram
31:15 Conscription
31:08 Halberdier
34:10 Plate Mail Armor
34:16 Iron Casting
37:12 Blast Furnace
36:04 Arson
37:20 Fletching
37:31 Padded Archer Armor
37:36 Scale Barding Armor
38:13 Caravan
37:55 Onager
39:22 Elite Skirmisher
40:00 Bodkin Arrow
40:21 Leather Archer Armor
41:07 Coinage
41:35 Siege Engineers
42:42 Gold Mining
42:43 Stone Mining
43:25 Ring Archer Armor
44:50 Ballistics
45:41 Chemistry
46:04 Banking
46:11 Gold Shaft Mining
46:12 Stone Shaft Mining
46:39 Masonry
46:40 Careening
49:18 Guilds
betterlh
10:21 Feudal Age
14:18 Castle Age
12:04 Double-Bit Axe
12:53 Horse Collar
21:39 Wheelbarrow
21:21 Stone Mining
21:53 Bow Saw
23:13 Hand Cart
24:06 Fletching
28:24 Imperial Age
26:04 Loom
26:25 Bodkin Arrow
27:31 Padded Archer Armor
28:05 Thumb Ring
29:16 Bloodlines
29:06 Husbandry
29:11 Bracer
30:25 Chemistry
31:04 Conscription
33:57 Ballistics
33:44 Siege Engineers
34:27 Elite Mangudai
34:39 Onager
36:17 Drill
37:56 Leather Archer Armor
37:43 Heavy Plow
37:34 Gold Mining
38:19 Stone Shaft Mining
38:01 Masonry
39:23 Siege Onager
42:42 Light Cavalry
43:20 Capped Ram
45:09 Siege Ram
blurr
6:07 Loom
8:20 Feudal Age
9:24 Double-Bit Axe
10:44 Fletching
16:35 Horse Collar
18:55 Wheelbarrow
20:05 Gold Mining
24:40 Castle Age
22:59 Town Watch
25:59 Bow Saw
31:12 Imperial Age
29:05 Stone Mining
29:58 Scale Mail Armor
31:33 Pikeman
32:49 Squires
33:58 Forging
35:00 Heavy Plow
35:40 Bodkin Arrow
36:39 Hand Cart
36:47 Padded Archer Armor
37:53 Chemistry
37:20 Conscription
38:16 Leather Archer Armor
37:48 Elite Skirmisher
39:15 Stone Shaft Mining
39:46 Ring Archer Armor
39:58 Crop Rotation
40:11 Masonry
42:34 Chain Mail Armor
42:55 Iron Casting
44:35 Plate Mail Armor
44:19 Halberdier
Allen
10:41 Feudal Age
14:26 Castle Age
12:22 Double-Bit Axe
15:05 Bow Saw
15:28 Scale Barding Armor
15:20 Horse Collar
16:46 Wheelbarrow
17:30 Chain Barding Armor
22:36 Bloodlines
22:36 Husbandry
23:52 Forging
24:08 Pikeman
27:05 Scale Mail Armor
28:34 Iron Casting
30:06 Squires
31:07 Chain Mail Armor
33:10 Hand Cart
39:20 Imperial Age
37:17 Stone Mining
38:07 Fletching
38:46 Ballistics
38:58 Bodkin Arrow
38:37 Crossbowman
40:03 Stone Shaft Mining
39:47 Thumb Ring
39:37 Gold Mining
41:03 Two-Man Saw
40:04 Heavy Plow
40:18 Padded Archer Armor
41:20 Chemistry
41:18 Leather Archer Armor
42:15 Gold Shaft Mining
42:14 Kamandaran
43:27 Ring Archer Armor
42:34 Sappers
43:27 Conscription
42:58 Halberdier
45:36 Blast Furnace
45:08 Plate Mail Armor
Connection lost

Rejoining the realm…

Still unreachable

The connection could not be restored.

Session expired

The server has moved on; the page needs a fresh start.